 Dungeon Crawl Stone Soup version 0.29-a0-468-ge57f7f99b4 (webtiles) character file.

Game seed: 8610517804701612362

207 Eringya the Conjurer (level 5, -3/34 HPs)
             Began as an Octopode Conjurer on May 22, 2022.
             Slain by a hobgoblin (7 damage)
             ... led by Robin
             ... on level 3 of the Dungeon.
             The game lasted 00:05:38 (3779 turns).

Eringya the Conjurer (Octopode Conjurer)            Turns: 3779, Time: 00:05:43

Health: -3/34      AC:  1    Str:  7    XL:     5   Next: 85%
Magic:  7/9        EV: 13    Int: 22    God:
Gold:   87         SH:  0    Dex: 10    Spells: 7/9 levels left

rFire   . . .      SeeInvis .   j - +3 dagger
rCold   . . .      Faith    .   (no shield)
rNeg    . . .      Spirit   .   (helmet restricted)
rPois   .          Reflect  .   (no amulet)
rElec   .          Harm     .   (no ring)
rCorr   .          Rampage  .   (no ring)
Will    .....                   (no ring)
Stlth   +++.......              (no ring)
HPRegen 0.11/turn               (no ring)
MPRegen 0.11/turn               (no ring)
                                (no ring)
                                (no ring)

@: about to teleport
A: almost no armour, amphibious, 8 rings, camouflage 1, gelatinous body 1,
(nimble swimmer 1), tentacles
a: no special abilities


You were on level 3 of the Dungeon.
You visited 1 branch of the dungeon, and saw 3 of its levels.

You collected 87 gold pieces.

Inventory:

Hand Weapons
 c - a +0 dagger
 j - a +3 dagger (weapon)
 o - a +3 quarterstaff of chaos
Missiles
 e - 3 throwing nets (quivered)
Armour
 l - an orb of guile
Magical Staves
 n - a staff of death
Scrolls
 g - a scroll of vulnerability {unknown}
Potions
 a - a potion of magic
 b - a potion of brilliance {unknown}
 d - a potion of lignification {unknown}
 k - a potion of curing


   Skills:
 + Level 1.9 Fighting
 + Level 2.9 Dodging
 + Level 4.2 Stealth
 + Level 2.7 Spellcasting
 * Level 5.1 Conjurations


You had 7 spell levels left.
You knew the following spells:

 Your Spells              Type           Power      Damage    Failure   Level
a - Searing Ray           Conj           50%        2d6       2%          2

Your spell library contained the following spells:

 Spells                   Type           Power      Damage    Failure   Level
 Magic Dart               Conj           100%       1d8       1%          1
 Static Discharge         Conj/Air       14%        N/A       7%          2
 Dazzling Flash           Conj/Hex       28%        N/A       13%         3
 Fulminant Prism          Conj/Hex       7%         3d7       41%         4
 Iskenderun's Mystic Bla  Conj/Tloc      14%        2d5       41%         4
 Lightning Bolt           Conj/Air       7%         1d19      77%         5
 Maxwell's Capacitive Co  Air            1%         ∞         100%        8


Dungeon Overview and Level Annotations

Branches:
Dungeon (3/15)

Altars:
Xom

Shops:
D:3 (

Annotations:
D:3 Robin


Innate Abilities, Weirdness & Mutations

You cannot wear most types of armour.
You are amphibious.
You can wear up to eight rings at the same time.
Your skin changes colour to match your surroundings (Stealth+).
Your rubbery body absorbs attacks. (AC +1, EV +1)
((You are camouflaged when in or above water. (Stealth+)))
You have tentacles for arms and can constrict up to eight enemies at once.


Message History

The air fills with toxic fumes!
As you read the scroll of poison, it crumbles to dust.
The goblin closely misses you. The hobgoblin hits you! The hobgoblin hits you.
The goblin closely misses you.
Unknown command.
Casting: Searing Ray (safe; 2% risk of failure)
Confirm with . or Enter, or press ? or * to list all spells.
Okay, then.
Casting: Searing Ray (safe; 2% risk of failure)
Confirm with . or Enter, or press ? or * to list all spells.
Aiming: Searing Ray (safe; 2% risk of failure)
Press: ? - help, Shift-Dir - straight line, f - goblin
Aim: a goblin, wielding a +0 club (strong, 74% to hit)
The searing ray hits the goblin.
You kill the goblin! (Press . to maintain the ray.)
The goblin is engulfed in poison gas.
The goblin is poisoned.
You kill the goblin!
The hobgoblin hits you.
* * * LOW HITPOINT WARNING * * *
The hobgoblin closely misses you. The goblin hits you with a +0 dagger.
* * * LOW HITPOINT WARNING * * *
Robin is engulfed in poison gas.
Robin is poisoned.
You feel better.
The hobgoblin is engulfed in poison gas.
The hobgoblin is poisoned.
The hobgoblin closely misses you. The goblin hits you with a +0 dagger.
* * * LOW HITPOINT WARNING * * *
The hobgoblin barely misses you.
Robin is engulfed in poison gas.
Robin looks even sicker.
Robin throws the goblin at you!
* * * LOW HITPOINT WARNING * * *
The goblin misses you.
Okay, then.
As you read the scroll labelled DORECW LIPA, it crumbles to dust.
You feel strangely unstable.
It was a scroll of teleportation.
The hobgoblin is engulfed in poison gas.
The hobgoblin looks even sicker.
You kill the hobgoblin!
The hobgoblin hits you!
You die...

#... .########
#§§######........
+###+###§§§§§§§.........
...§§§§§§§§§§§..........
...§§§§§§§§§§###........
...§§§§§§§§§§§§.........
...§§§§§§§§§§##.........
...§§§.§g§§§§##.####......
>..§§..§g§@g§§#.# ....(.
...§§§.§§ggg§§#'####......
...§§§§§§§g§§§§§§§.....#.##
.#.§§§§§#####§§§§§.........
#.§§§§§.....§§§§§.....#...
#.§§§§....###§§§§.....#...
#.§§§.....###.§§§.....#...
.§§§...##....§§§.....'...
..#+#. #................


You could see Robin (very poisoned), 2 hobgoblins and 4 goblins.

Vanquished Creatures
  Crazy Yiuf (D:2)
  Jessica (D:2)
  An iguana (D:2)
  4 gnolls
  An adder (D:2)
  A worm (D:2)
  An orc (D:3)
  4 endoplasms
  2 giant cockroaches
  6 goblins
  7 hobgoblins
  4 jackals (D:1)
  8 kobolds
  7 quokkas
  7 ball pythons
  5 bats
  7 frilled lizards
  8 rats
75 creatures vanquished.

Vanquished Creatures (others)
  4 fungi (D:2)
4 creatures vanquished.

Grand Total: 79 creatures vanquished

Notes
Turn   | Place    | Note
-------+----------+-------------------------------------------
     0 | D:1      | Eringya the Octopode Conjurer began the quest for the Orb.
     0 | D:1      | Reached XP level 1. HP: 11/11 MP: 3/3
   247 | D:1      | Reached XP level 2. HP: 6/17 MP: 3/5
   455 | D:1      | Learned a level 2 spell: Searing Ray
  1044 | D:1      | Reached XP level 3. HP: 22/22 MP: 6/6
  1254 | D:1      | Reached skill level 1 in Fighting
  1910 | D:2      | Reached XP level 4. HP: 24/28 MP: 7/7
  2002 | D:2      | Found a faded altar of an unknown god.
  2270 | D:2      | Found a shimmering altar of Xom.
  2516 | D:2      | Noticed Jessica
  2531 | D:2      | Killed Jessica
  2532 | D:2      | Reached XP level 5. HP: 28/33 MP: 4/8
  2635 | D:2      | Found a runed translucent door.
  2636 | D:2      | Noticed Crazy Yiuf
  2752 | D:2      | Killed Crazy Yiuf
  2753 | D:2      | Reached skill level 5 in Conjurations
  3580 | D:3      | Found Pekhef's Weapon Boutique.
  3766 | D:3      | Noticed Robin
  3779 | D:3      | Slain by a hobgoblin

Illustrated notes

Levels and vault maps discovered:
D:1:      lightli_arrival_farm, layout_loops_corners
D:2:      layout_rooms, basic_altar, shapermc_ecumenical_altar_mp_vishouse,
          uniq_jessica, uniq_crazy_yiuf_cottage
D:3:      layout_basic, mainiacjoe_overflow_24_doors, serial_shops,
          nicolae_shop_bloodbath_and_beyond, st_stairs_14, minmay_ogre_servants,
          uniq_robin

Skill      XL: |  1  2  3  4  5 |
---------------+----------------+-----
Stealth        | 3 4 |  4.2
Fighting       | 1 |  1.9
Conjurations   | 5 |  5.1
Dodging        | |  2.9
Spellcasting   | |  2.7

Action                   |  1- 3 |  4- 6 || total
-------------------------+-------+-------++-------
Melee: Unarmed           |     4 |       ||     4
       Dagger            |    62 |    39 ||   101
       Constrict         |    13 |     5 ||    18
       Tentacles         |    14 |     4 ||    18
Throw: Throwing net      |       |     2 ||     2
 Cast: Magic Dart        |    12 |       ||    12
       Searing Ray       |     6 |     9 ||    15
  Use: Scroll            |       |     7 ||     7
       Potion            |       |     1 ||     1
 Stab: Sleeping          |    16 |     4 ||    20
       Distracted        |       |     1 ||     1
Armor: Skin              |     7 |     9 ||    16
Dodge: Dodged            |    58 |    61 ||   119

Table legend: (Time is in decaauts)
 A = Elapsed time spent in this place.
 B = Non-inter-level travel time spent in this place.
 C = Inter-level travel time spent in this place.
 D = Time resting spent in this place.
 E = Time spent auto-exploring this place.
 F = Levels seen in this place.
 G = Mean time per level.
                   A        B        C        D        E       F      G
               +--------+--------+--------+--------+--------+-----+--------+
         Total |   3779 |   3635 |    144 |    535 |   2588 |   3 | 1259.7 |
       Dungeon |   3779 |   3635 |    144 |    535 |   2588 |   3 | 1259.7 |
               +--------+--------+--------+--------+--------+-----+--------+

Top non-repeatable levels by time:
     D:2: 1975 daAuts
     D:1: 1567 daAuts
     D:3: 235 daAuts
